 Dungeon Crawl Stone Soup version 0.30-a0-918-g0ff054e9dc (webtiles) character file.

Game seed: 12667102475687195830

6727 pokeman the Thaumaturge (level 10, -5/54 HPs)
             Began as a Deep Elf Hedge Wizard on Mar 21, 2023.
             Was a Believer of Vehumet.
             Killed by the air
             ... invoked by Gastronok
              (13 damage)
             ... on level 8 of the Dungeon.
             The game lasted 00:28:32 (11276 turns).

pokeman the Thaumaturge (Deep Elf Hedge Wizard)    Turns: 11276, Time: 00:28:33

Health: -5/54      AC: 11    Str:  7    XL:     10   Next: 74%
Magic:  8/30       EV: 13    Int: 24    God:    Vehumet [**....]
Gold:   237        SH:  0    Dex: 14    Spells: 22/37 levels left

rFire   . . .      SeeInvis .    O - +2 short sword (venom)
rCold   . . .      Faith    .    (no shield)
rNeg    . . .      Spirit   .    K - +0 steam dragon scales
rPois   .          Reflect  .    M - +2 helmet
rElec   .          Rampage  .    n - +0 cloak
rCorr   .                        m - +0 pair of gloves
Will    +....                    (no boots)
Stlth   ++                       g - amulet of the acrobat
HPRegen 0.29/turn                (no ring)
MPRegen 0.22/turn                (no ring)

@: no status effects
A: no striking features
a: Renounce Religion


You were on level 8 of the Dungeon.
You worshipped Vehumet.
Vehumet was pleased with you.
You visited 2 branches of the dungeon, and saw 9 of its levels.
You also visited: Sewer.

You collected 578 gold pieces.
You spent 341 gold pieces at shops.

Inventory:

Hand Weapons
 a - a +2 quarterstaff of chaos
 E - a +0 arbalest
 O - a +2 short sword of venom (weapon)
Missiles
 w - 3 throwing nets
 P - 8 poisoned darts
Armour
 m - a +0 pair of gloves (worn)
 n - a +0 cloak (worn)
 G - a +0 kite shield
 J - the +0 helmet of Ashenzari's Hope {Str+2}
   (You found it on level 6 of the Dungeon)

   Str:       It affects your strength (+2).
 K - +0 steam dragon scales (worn)
 L - a +0 robe of cold resistance
 M - a +2 helmet (worn)
Jewellery
 b - a ring of fire
 g - an amulet of the acrobat (around neck)
 B - a ring of fire
 D - a ring of ice
 I - a ring of protection from cold
Wands
 C - a wand of flame (17)
 Q - a wand of paralysis (5)
Scrolls
 e - 8 scrolls of identify {unknown}
 f - 2 scrolls of blinking {unknown}
 h - 2 scrolls of poison {unknown}
 j - 2 scrolls of silence {unknown}
 k - a scroll of noise {unknown}
 o - 5 scrolls of teleportation {unknown}
 s - a scroll of amnesia {unknown}
 v - a scroll of enchant armour {unknown}
 x - 2 scrolls of immolation {unknown}
 y - 2 scrolls of magic mapping {unknown}
 F - 3 scrolls of butterflies {unknown}
Potions
 c - a potion of ambrosia {unknown}
 d - 3 potions of magic
 i - a potion of might
 l - 8 potions of curing
 p - 2 potions of brilliance {unknown}
 q - 3 potions of invisibility {unknown}
 r - a potion of haste {unknown}
 t - 2 potions of cancellation {unknown}
 u - 5 potions of heal wounds
 z - a potion of berserk rage {unknown}
 A - 3 potions of lignification {unknown}
 H - 2 potions of attraction {unknown}
 N - a potion of mutation {unknown}


   Skills:
 + Level 2.4 Fighting
 - Level 4.0 Armour
 - Level 3.0 Dodging
 - Level 3.0 Stealth
 - Level 3.0 Shields
 * Level 14.1 Spellcasting
 + Level 8.0 Conjurations
 - Level 4.1 Summonings
 - Level 1.1 Translocations
 + Level 6.0 Fire Magic
 - Level 1.0 Air Magic
 + Level 1.4 Earth Magic
 - Level 1.0 Poison Magic
 - Level 1.0 Evocations


You had 22 spell levels left.
You knew the following spells:

 Your Spells              Type           Power      Damage    Failure   Level
a - Magic Dart            Conj           100%       1d8       1%          1
b - Mephitic Cloud        Conj/Pois/Air  33%        N/A       2%          3
c - Call Imp              Summ           36%        N/A       1%          2
d - Blink                 Tloc           44%        N/A       3%          2
e - Foxfire               Conj/Fire      100%       2x1d9     1%          1
f - Iron Shot             Conj/Erth      19%        9d4       58%         6

Your spell library contained the following spells:

 Spells                   Type           Power      Damage    Failure   Level
 Ignite Poison            Fire/Tmut/Pois 28%        N/A       4%          3
 Momentum Strike          Conj/Tloc      76%        3d10      1%          2
 Hailstorm                Conj/Ice       36%        3d9       1%          3
 Freeze                   Ice            64%        1d7       3%          1
 Slow                     Hex            64%        N/A       3%          1
 Lesser Beckoning         Tloc           44%        N/A       3%          2
 Cigotuvi's Dreadful Rot  Necr/Pois/Air  40%        N/A       4%          2
 Frozen Ramparts          Ice            32%        1d5       11%         3
 Tukima's Dance           Hex            16%        N/A       11%         3
 Animate Armour           Summ/Erth      60%        N/A       11%         4
 Manifold Assault         Tloc           22%        N/A       22%         4
 Passage of Golubria      Tloc           22%        N/A       22%         4
 Blade Hands              Tmut           8%         N/A       67%         5
 Yara's Violent Unravell  Hex/Tmut       8%         3d5       67%         5
 Storm Form               Tmut/Air       9%         N/A       100%        7


Dungeon Overview and Level Annotations

Branches:
Dungeon (8/15)             Temple (1/1) D:4           Sewer (visited)
   Lair: D:8-11

Altars:
Elyvilon
Trog
Uskayaw
Vehumet
Xom
Zin

Shops:
D:2 [   D:4 (   D:5 *   D:6 !=!

Annotations:
D:8 Gastronok


Message History

Confirm with . or Enter, or press ? or * to list all spells.
You conjure some foxfire!
The foxfire hits Gastronok.
Gastronok is severely wounded.
Unknown command.
Casting: Foxfire (safe; 1% risk of failure)
Confirm with . or Enter, or press ? or * to list all spells.
You conjure some foxfire!
The foxfire hits Gastronok.
Gastronok is almost dead.
The foxfire hits Gastronok.
Gastronok is almost dead.
Unknown command.
The foxfire hits Gastronok but does no damage.
Gastronok is almost dead.
Unknown command.
Casting: Foxfire (safe; 1% risk of failure)
Confirm with . or Enter, or press ? or * to list all spells.
You conjure some foxfire!
The foxfire hits Gastronok but does no damage.
Gastronok is almost dead.
Unknown command.
Casting: Foxfire (safe; 1% risk of failure)
Confirm with . or Enter, or press ? or * to list all spells.
You conjure some foxfire!
The foxfire hits Gastronok.
Gastronok is almost dead.
Unknown command.
Casting: Foxfire (safe; 1% risk of failure)
Confirm with . or Enter, or press ? or * to list all spells.
You conjure some foxfire!
The foxfire hits Gastronok.
Gastronok is almost dead.
The foxfire hits Gastronok.
Gastronok is almost dead.
The foxfire hits Gastronok but does no damage.
Gastronok is almost dead.
Casting: Foxfire (safe; 1% risk of failure)
Confirm with . or Enter, or press ? or * to list all spells.
You conjure some foxfire!
Gastronok gurgles, "You're how I like my food.
Fast!"
Gastronok waves his eye-stalks in wide circles.
The air twists around and strikes you!
You die...

#.##....###.......#.##...## #
#.......# #.......#.###...# #
###.....# #.......#.# ##w.#
### #..§..###########.#
#..###.. #...§.+...w.......#
#...##.# #§§§†.#############
#.#.##.#
#.v...###.........####.#..#.#
#.......'...v§.......#.##...#
#.##+#v##..v@.§vw......####..
#.. .##..§v§§....#.### #..
#.. .##...§......#.# #.# #...
w##..........#.# #.# #.#
.###########.#.# #.# #.#.#
#.# #.#.# #.# #.#.######.#
#.....##.#


You could see Gastronok (swift, ally target).

Vanquished Creatures
  Maggie (D:6)
  A komodo dragon (D:8)
  Grinder (D:4)
  9 slime creatures
  7 yaks (D:8)
  Eustachio (D:5)
  A steam dragon (D:8)
  Duvessa (D:6)
  A water moccasin (D:6)
  An orc warrior (D:5)
  2 ice beasts (D:8)
  A black bear (D:5)
  3 sky beasts
  An ogre (D:7)
  A centaur (D:8)
  A phantom (D:4)
  3 kobold brigands
  Blork the orc (D:4)
  A gnoll sergeant (D:4)
  2 bullfrogs
  4 scorpions
  9 wights
  Dowan (D:6)
  2 orc priests
  2 hounds (D:5)
  A gnoll bouda (D:6)
  3 jellies
  Crazy Yiuf (D:2)
  Jessica (D:2)
  Natasha (thrice) (D:2)
  Terence (D:2)
  3 iguanas
  2 orc wizards
  5 gnolls
  10 adders
  3 river rats (Sewer)
  3 white imps
  2 ufetubi
  2 worms (D:3)
  5 dart slugs
  35 orcs
  8 ball pythons
  7 bats
  10 endoplasms
  2 giant cockroaches
  9 goblins
  4 hobgoblins
  11 jackals
  4 quokkas
  7 frilled lizards
  44 kobolds
  25 rats
269 creatures vanquished.

Vanquished Creatures (collateral kills)
  4 gnolls
  2 worms (D:3)
6 creatures vanquished.

Vanquished Creatures (others)
  566 foxfires
  10 plants (D:8)
  4 toadstools (D:1)
580 creatures vanquished.

Grand Total: 855 creatures vanquished

Notes
Turn   | Place    | Note
-------+----------+-------------------------------------------
     0 | D:1      | pokeman the Deep Elf Hedge Wizard began the quest for the
                  | Orb.
     0 | D:1      | Reached XP level 1. HP: 10/10 MP: 7/7
    30 | D:1      | Found a faded altar of an unknown god.
   349 | D:1      | Reached XP level 2. HP: 16/16 MP: 6/9
   881 | D:1      | Reached skill level 5 in Spellcasting
  1019 | D:1      | Reached XP level 3. HP: 20/20 MP: 7/11
  1023 | D:1      | Learned a level 3 spell: Mephitic Cloud
  1026 | D:1      | Learned a level 2 spell: Call Imp
  1029 | D:1      | Learned a level 2 spell: Blink
  1492 | D:2      | Noticed Natasha
  1493 | D:2      | Noticed Jessica
  1683 | D:2      | Reached skill level 1 in Armour
  1727 | D:2      | Killed Natasha
  1728 | D:2      | Reached skill level 1 in Fighting
  1728 | D:2      | Reached XP level 4. HP: 17/25 MP: 4/13
  2023 | D:2      | Killed Jessica
  2069 | D:2      | Noticed Natasha
  2080 | D:2      | Noticed Terence
  2082 | D:2      | Killed Natasha
  2083 | D:2      | Reached skill level 6 in Spellcasting
  2083 | D:2      | Reached XP level 5. HP: 29/29 MP: 6/15
  2099 | D:2      | Killed Terence
  2228 | D:2      | Noticed Natasha
  2234 | D:2      | Killed Natasha
  2383 | D:2      | Found Vubuyxas's Armour Emporium.
  2392 | D:2      | Found a runed translucent door.
  2393 | D:2      | Noticed Crazy Yiuf
  2410 | D:2      | Killed Crazy Yiuf
  2411 | D:2      | Reached skill level 1 in Air Magic
  2411 | D:2      | Reached skill level 1 in Poison Magic
  2752 | D:3      | Found a glowing drain.
  2783 | Sewer    | Entered a sewer
  3127 | Sewer    | Reached XP level 6. HP: 34/34 MP: 7/17
  4034 | D:3      | Reached skill level 7 in Spellcasting
  5132 | D:4      | Reached XP level 7. HP: 31/39 MP: 17/20
  5182 | D:4      | Found a staircase to the Ecumenical Temple.
  5194 | D:4      | Noticed Blork the orc
  5209 | D:4      | Killed Blork the orc
  5225 | Temple   | Entered the Ecumenical Temple
  5351 | Temple   | Became a worshipper of Vehumet
  5581 | D:4      | Noticed Grinder
  5594 | D:4      | Killed Grinder
  5595 | D:4      | Reached skill level 8 in Spellcasting
  5768 | D:4      | Found Fearghaun's Antique Weapon Shoppe.
  5773 | D:4      | You fall into a shaft and drop 2 floors!
  5882 | D:6      | Reached skill level 1 in Evocations
  5915 | D:6      | Noticed Maggie
  5946 | D:5      | Entered Level 5 of the Dungeon
  6032 | D:5      | Reached XP level 8. HP: 40/44 MP: 19/22
  6089 | D:5      | Reached skill level 9 in Spellcasting
  6342 | D:5      | Noticed Eustachio
  6369 | D:5      | Killed Eustachio
  6369 | D:5      | Reached * piety under Vehumet
  6369 | D:5      | Offered knowledge of Foxfire by Vehumet.
  6370 | D:5      | Reached skill level 5 in Conjurations
  6372 | D:5      | Learned a level 1 spell: Foxfire
  6926 | D:5      | Found Naecvyha's General Store.
  6933 | D:5      | Reached skill level 10 in Spellcasting
  6933 | D:5      | Reached skill level 1 in Fire Magic
  7550 | D:6      | Noticed Dowan
  7666 | D:6      | Noticed Duvessa
  7691 | D:6      | Killed Duvessa
  7695 | D:6      | Killed Dowan
  7710 | D:6      | Reached XP level 9. HP: 42/48 MP: 8/25
  8018 | D:6      | Killed Maggie
  8019 | D:6      | Reached skill level 11 in Spellcasting
  8019 | D:6      | Identified the +0 helmet of Ashenzari's Hope {Str+2}
  8250 | D:6      | Found Wupsuh's Distillery.
  8252 | D:6      | Found Qyttucw's Jewellery Boutique.
  8254 | D:6      | Found Nunkoun's Distillery.
  8258 | D:6      | Bought a potion of curing for 33 gold pieces
  8258 | D:6      | Bought a potion of curing for 33 gold pieces
  8258 | D:6      | Bought 2 potions of curing for 66 gold pieces
  8258 | D:6      | Bought 2 potions of heal wounds for 110 gold pieces
  8308 | D:6      | Bought a potion of heal wounds for 55 gold pieces
  8308 | D:6      | Bought a potion of degeneration for 11 gold pieces
  8308 | D:6      | Bought a potion of curing for 33 gold pieces
  8763 | D:6      | Reached skill level 12 in Spellcasting
  9009 | D:7      | Reached skill level 1 in Shields
  9179 | D:7      | Offered knowledge of Searing Ray by Vehumet.
  9231 | D:7      | Reached ** piety under Vehumet
  9528 | D:8      | Reached XP level 10. HP: 42/53 MP: 21/28
  9570 | D:8      | Reached skill level 5 in Fire Magic
  9576 | D:8      | Reached skill level 13 in Spellcasting
 10153 | D:8      | Offered knowledge of Ignite Poison by Vehumet.
 10387 | D:8      | Learned a level 6 spell: Iron Shot
 10605 | D:8      | Noticed Gastronok
 11033 | D:8      | Reached skill level 1 in Earth Magic
 11036 | D:8      | Reached skill level 14 in Spellcasting
 11276 | D:8      | Killed from afar by Gastronok

Illustrated notes

Levels and vault maps discovered:
D:1:      ldierk_walled_garden_2, layout_basic, shapermc_ecumenical_altar_venn
D:2:      layout_rooms, serial_shops, shop, minmay_crystal_room,
          grunt_decor_fettered, chequers_jeans, uniq_crazy_yiuf_cottage,
          uniq_natasha, uniq_terence, uniq_jessica
D:3:      layout_loops_cross, cheibrodos_sewer_entry_drain,
          lightli_corner_chamber
D:4:      layout_loops_ring, minmay_temple_entry_poolview, serial_shops,
          nicolae_diamond_shop, uniq_grinder, uniq_blork_the_orc
D:5:      layout_layer_cave, nicolae_stop_n_shop_1, uniq_eustachio
D:6:      layout_rooms, nicolae_wooded_promenade, uniq_duvessa, uniq_maggie
D:7:      layout_rooms, hangedman_decor_points
D:8:      layout_basic, serial_ice, serial_ice_l, serial_ice_e, serial_ice_n,
          serial_ice_c, minmay_lizard_king, uniq_gastronok
Temple:   mainiacjoe_temple_big_plus

Skill      XL: |  1  2  3  4  5  6  7  8  9 10 |
---------------+-------------------------------+-----
Spellcasting   | 5 6 7 8 10 12 14 | 14.1
Armour         | 1 3 4 |  4.0
Fighting       | 1 2 |  2.4
Conjurations   | 2 3 4 5 7 8 |  8.0
Dodging        | 3 |  3.0
Stealth        | 3 |  3.0
Air Magic      | 1 |  1.0
Poison Magic   | 1 |  1.0
Summonings     | 2 3 4 |  4.1
Evocations     | 1 |  1.0
Fire Magic     | 2 4 6 |  6.0
Shields        | 1 3 |  3.0
Earth Magic    | 1 |  1.4
Translocations | |  1.1

Action                     |  1- 3 |  4- 6 |  7- 9 | 10-12 || total
---------------------------+-------+-------+-------+-------++-------
  Melee: Dagger            |    16 |    15 |       |       ||    31
         Mace              |       |    29 |    55 |       ||    84
         Punch             |       |     1 |       |       ||     1
         Long sword        |       |       |    10 |    24 ||    34
         Short sword       |       |       |       |    31 ||    31
   Cast: Magic Dart        |   103 |   223 |   103 |     8 ||   437
         Mephitic Cloud    |     2 |     8 |    16 |    12 ||    38
         Call Imp          |     1 |     3 |     5 |     3 ||    12
         Blink             |       |     1 |     3 |     7 ||    11
         Foxfire           |       |       |   192 |   128 ||   320
  Evoke: Wand              |       |       |     3 |     1 ||     4
   Stab: Confused          |       |     2 |     5 |     2 ||     9
         Sleeping          |       |     1 |       |       ||     1
         Distracted        |       |       |     1 |       ||     1
 Armour: Robe              |     5 |    13 |     6 |       ||    24
         Steam dragon scal |       |       |     4 |    17 ||    21
  Dodge: Dodged            |    22 |    68 |    71 |    62 ||   223

Table legend: (Time is in decaauts)
 A = Elapsed time spent in this place.
 B = Non-inter-level travel time spent in this place.
 C = Inter-level travel time spent in this place.
 D = Time resting spent in this place.
 E = Time spent auto-exploring this place.
 F = Levels seen in this place.
 G = Mean time per level.
                   A        B        C        D        E       F      G
               +--------+--------+--------+--------+--------+-----+--------+
         Total |  11342 |  11072 |    270 |    752 |   8202 |  10 | 1134.2 |
       Dungeon |  10060 |   9811 |    249 |    752 |   7133 |   8 | 1257.5 |
        Temple |    148 |    127 |     21 |      0 |    121 |   1 |  148.0 |
         Sewer |   1133 |   1133 |      0 |      0 |    947 |   1 | 1133.0 |
               +--------+--------+--------+--------+--------+-----+--------+

Top non-repeatable levels by time:
     D:8: 1797 daAuts
     D:1: 1552 daAuts
     D:6: 1289 daAuts
     D:2: 1185 daAuts
     D:3: 1181 daAuts
     D:4: 1149 daAuts
   Sewer: 1133 daAuts
     D:5: 1090 daAuts
     D:7: 814 daAuts
  Temple: 148 daAuts
